 Dungeon Crawl Stone Soup version 0.20-a0-972-gb9bd3e6 (webtiles) character file.

262 dvd the Grave Robber (level 5, 0/35 HPs)
             Began as a Demonspawn Necromancer on Apr 9, 2017.
             Was an Initiate of Sif Muna.
             Slain by sergedm's ghost (6 damage)
             ... on level 3 of the Dungeon.
             The game lasted 00:10:32 (4178 turns).

dvd the Grave Robber (Demonspawn Necromancer)       Turns: 4178, Time: 00:10:33

Health: 0/35       AC:  3    Str:  6 (9)  XL:     5   Next: 97%
Magic:  11/11      EV: 12    Int: 14 (17) God:    Sif Muna [......]
Gold:   159        SH:  0    Dex: 11 (13) Spells: 1/12 levels left

rFire    . . .     SeeInvis .   p - +3 quarterstaff (chaos)
rCold    . . .     Gourm    .   (shield currently unavailable)
rNeg     . . .     Faith    .   a - +0 robe
rPois    .         Spirit   .   (helmet restricted)
rElec    .         Reflect  .   q - +0 cloak
rCorr    .         Harm     .   (no gloves)
MR       .....                  (no boots)
Stlth    ++........             (no amulet)
Regen    0.2/turn               (no ring)
MPRegen  0.2/turn               (no ring)

@: lethally poisoned (0 -> -22)
A: horns 1, rot immunity
a: Renounce Religion


You were on level 3 of the Dungeon.
You worshipped Sif Muna.
Sif Muna was noncommittal.
You were hungry.

You visited 1 branch of the dungeon, and saw 3 of its levels.

You collected 159 gold pieces.

Inventory:

Hand Weapons
 f - a +0 short sword
 p - a +3 quarterstaff of chaos (weapon)
Armour
 a - a +0 robe (worn)
 q - a +0 cloak (worn)
 s - a +1 scale mail of magic resistance
Wands
 r - a wand of random effects (25/48)
Scrolls
 d - a scroll of remove curse {unknown}
 e - a scroll of fear {unknown}
 g - 2 scrolls of identify {unknown}
 k - a scroll of teleportation {unknown}
 o - 2 scrolls of immolation {unknown}
Potions
 i - a potion of mutation {unknown}
 l - 2 potions of magic
 n - 4 potions of degeneration
Books
 b - a book of Necromancy

   Spells                             Type                      Level
   a - Pain                           Necromancy                   1
   b - Animate Skeleton               Necromancy                   1
   c - Vampiric Draining              Necromancy                   3
   d - Regeneration                   Charms/Necromancy            3
   e - Animate Dead                   Necromancy                   4
   f - Control Undead                 Necromancy                   4
Comestibles
 c - 2 bread rations
 h - 3 chunks of flesh
 m - a meat ration


   Skills:
 + Level 0.3 Short Blades
 + Level 0.6 Staves
 + Level 2.1 Dodging
 + Level 2.1 Stealth
 + Level 4.0 Spellcasting
 + Level 0.3 Charms
 + Level 6.1 Necromancy


You had one spell level left.
You knew the following spells:

 Your Spells              Type           Power        Failure   Level  Hunger
a - Pain                  Necr           ###.         1%          1    None
b - Vampiric Draining     Necr           ###.......   6%          3    ###....
c - Regeneration          Chrm/Necr      ##........   17%         3    ###....
d - Animate Dead          Necr           N/A          17%         4    ####...


Dungeon Overview and Level Annotations

Branches:
Dungeon (3/15)

Altars:
Fedhas
Qazlal
Sif Muna
Trog

Annotations:
D:3 sergedm's ghost, amateur DECj


Innate Abilities, Weirdness & Mutations

You have a pair of small horns on your head.
You are immune to rotting.


Message History

Sergedm's ghost is severely damaged.
You feel sick.
Sergedm's ghost points at you and mumbles some strange words.
The magic dart hits you!
Okay, then.
Unknown command.
It was a potion of degeneration.
There was something very wrong with that liquid.
You feel weakened.
You feel dopey.
You feel clumsy.
You feel sick. Sergedm's ghost hits you.
You are lethally poisoned!
Unknown command.
It was a potion of magic.
Magic courses through your body.
You feel sick.
Sergedm's ghost points at you and mumbles some strange words.
The magic dart hits you!
* * * LOW HITPOINT WARNING * * *
Unknown command.
* * * LOW HITPOINT WARNING * * *
You feel sick. Sergedm's ghost hits you.
You die...

..# #.# ###
#####.## #..
[.W....# ##### #.#
##...###.... #.#
#.#......... .
#.######...###.##.
... #....(.....#
#.##.
#..##@W...(##..#
#....
#....).........#
####.
....##.#.....###.#
#. .#
#.###....###.# #.
##.# ##.......# #.
#.# ##.###### ###.
##.# ##.## #...
#.###.## #..#
#.#Z## ##.#Z


You could see sergedm's ghost.

Vanquished Creatures
  Crazy Yiuf (D:2)
  Ijyb (D:3)
  Natasha (D:2)
  A gnoll (D:1)
  9 adders
  An ooze (D:2)
  3 worms
  A dart slug (D:1)
  3 leopard geckos
  4 giant cockroaches
  5 hobgoblins
  8 jackals
  A quokka (D:2)
  3 ball pythons (D:1)
  10 bats
  4 frilled lizards
  9 goblins
  5 kobolds
  11 rats
81 creatures vanquished.

Vanquished Creatures (collateral kills)
  A bat (D:3)
1 creature vanquished.

Grand Total: 82 creatures vanquished

Notes
Turn   | Place    | Note
-------+----------+-------------------------------------------
     0 | D:1      | dvd the Demonspawn Necromancer began the quest for the Orb.
     0 | D:1      | Reached XP level 1. HP: 13/13 MP: 3/3
   293 | D:1      | Gained mutation: You are immune to rotting. [demonic ancestry]
   293 | D:1      | Reached XP level 2. HP: 14/19 MP: 0/5
   762 | D:1      | Reached skill level 5 in Necromancy
   772 | D:1      | Reached XP level 3. HP: 18/24 MP: 0/6
   895 | D:1      | Learned a level 3 spell: Vampiric Draining
  1384 | D:1      | Learned a level 3 spell: Regeneration
  1880 | D:2      | Found a deep blue altar of Sif Muna.
  1892 | D:2      | Became a worshipper of Sif Muna the Loreminder
  2065 | D:2      | Gained mutation: You have a pair of small horns on your head. [demonic ancestry]
  2065 | D:2      | Reached XP level 4. HP: 6/30 MP: 2/8
  2430 | D:2      | Noticed Natasha
  2447 | D:2      | Killed Natasha
  2645 | D:2      | Found a blossoming altar of Fedhas.
  2702 | D:2      | Found a runed door.
  2706 | D:2      | Noticed Crazy Yiuf
  2711 | D:2      | Killed Crazy Yiuf
  2711 | D:2      | Reached XP level 5. HP: 35/35 MP: 1/10
  2934 | D:3      | Noticed sergedm's ghost (amateur DECj)
  3163 | D:2      | Reached skill level 6 in Necromancy
  3527 | D:3      | Found a bloodstained altar of Trog.
  3563 | D:3      | Learned a level 4 spell: Animate Dead
  3570 | D:3      | Noticed Ijyb
  3587 | D:3      | Killed Ijyb
  3672 | D:3      | Found a stormy altar of Qazlal.
  4178 | D:3      | Slain by sergedm's ghost

Vault maps used:
D:1:      saegor_arrival_miasma, kennysheep_boxes
D:2:      lemuel_round_altar, nicolae_overflow_hidden_temple, fedhas_altar_4,
          uniq_natasha, uniq_crazy_yiuf_cottage
D:3:      overflow_temple_1_default, marbit_many_paths,
          lemuel_coloured_pillars_altar, first_bread, uniq_iyjb

Skill      XL: |  1  2  3  4  5 |
---------------+----------------+-----
Necromancy     | 5 6 |  6.1
Spellcasting   | 3 4 |  4.0
Dodging        | 2 |  2.1
Stealth        | 2 |  2.1
Short Blades   | |  0.3
Staves         | |  0.6
Charms         | |  0.3

Action                   |  1- 3 |  4- 6 || total
-------------------------+-------+-------++-------
Melee: Unarmed           |     1 |       ||     1
       Short sword       |    16 |    14 ||    30
       Quarterstaff      |       |    42 ||    42
       Headbutt          |       |     3 ||     3
Throw: Javelin           |       |     2 ||     2
 Cast: Pain              |    61 |    54 ||   115
       Vampiric Draining |     4 |     7 ||    11
       Regeneration      |     1 |     3 ||     4
       Animate Dead      |       |     2 ||     2
  Use: Potion            |       |     2 ||     2
 Stab: Sleeping          |     1 |     1 ||     2
  Eat: Chunk             |     5 |     7 ||    12
Armor: Robe              |     8 |    16 ||    24
Dodge: Dodged            |    23 |    65 ||    88
